 Dungeon Crawl Stone Soup version 0.26.1-11-gd32895ea62 (webtiles) character file.

Game seed: 8143234858460616304

98 Almogavar the Vexing (level 4, -1/32 HPs)
             Began as a Gnoll Wanderer on July 7, 2021.
             Killed by nerve-wracking pain
             ... invoked by Grinder
              (10 damage)
             ... while paralysed by Grinder
             ... on level 3 of the Dungeon.
             The game lasted 00:06:12 (2418 turns).

Almogavar the Vexing (Gnoll Wanderer)               Turns: 2418, Time: 00:06:13

Health: -1/32      AC: 13    Str: 16    XL:     4   Next: 69%
Magic:  8/8        EV:  2    Int: 14    God:
Gold:   106        SH:  0    Dex: 14    Spells: 9/9 levels left

rFire    . . .     SeeInvis .   f - +2 short sword (drain)
rCold    . . .     Faith    .   (no shield)
rNeg     . . .     Spirit   .   b - +2 scale mail
rPois    .         Reflect  .   k - +1 helmet
rElec    .         Harm     .   p - +0 cloak
rCorr    .         Rampage  .   q - +0 pair of gloves
Will     .....     Rnd*Tele +   (no boots)
Stlth    ..........             (no amulet)
HPRegen  0.10/turn              e - ring of teleportation (curse)
MPRegen  0.11/turn              (no ring)

@: paralysed
A: distributed training, fangs 1, strong nose
a: no special abilities


You were on level 3 of the Dungeon.
You visited 1 branch of the dungeon, and saw 3 of its levels.

You collected 106 gold pieces.

Inventory:

Hand Weapons
 a - a +0 hand crossbow
 f - a +2 short sword of draining (weapon)
Missiles
 c - 62 bolts
 h - 3 boomerangs (quivered)
Armour
 b - a +2 scale mail (worn)
 k - a +1 helmet (worn)
 p - a +0 cloak (worn)
 q - a +0 pair of gloves (worn)
Jewellery
 e - a cursed ring of teleportation (left hand)
Scrolls
 g - 3 scrolls of enchant armour
 i - a scroll of teleportation {unknown}
 j - 2 scrolls of identify {unknown}
 m - a scroll of enchant weapon {unknown}
 n - a scroll of blinking {unknown}
 o - 2 scrolls of immolation {unknown}
 s - 2 scrolls of remove curse {unknown}
Potions
 d - 3 potions of lignification
 l - a potion of attraction {unknown}
 r - 2 potions of heal wounds {unknown}
 t - a potion of flight {unknown}


   Skills:
 + Level 1.2 Fighting
 + Level 1.2 Short Blades
 + Level 1.2 Long Blades
 + Level 1.2 Axes
 + Level 1.2 Maces & Flails
 + Level 1.2 Polearms
 + Level 1.2 Staves
 + Level 1.2 Slings
 + Level 1.2 Bows
 + Level 2.8 Crossbows
 + Level 2.8 Throwing
 + Level 4.7 Armour
 + Level 1.2 Dodging
 + Level 1.2 Stealth
 + Level 1.2 Shields
 + Level 1.2 Unarmed Combat
 + Level 3.0 Spellcasting
 + Level 1.0 Conjurations
 + Level 5.5 Hexes
 + Level 1.0 Summonings
 + Level 1.0 Necromancy
 + Level 1.0 Translocations
 + Level 1.0 Transmutations
 + Level 1.0 Fire Magic
 + Level 1.0 Ice Magic
 + Level 2.3 Air Magic
 + Level 1.0 Earth Magic
 + Level 1.0 Poison Magic
 + Level 1.3 Invocations
 + Level 2.8 Evocations


You had 9 spell levels left.
You didn't know any spells.
Your spell library contained the following spells:

 Spells                   Type           Power        Failure   Level
 Magic Dart               Conj           20%          43%         1
 Dazzling Flash           Conj/Hex       22%          50%         3
 Searing Ray              Conj           10%          56%         2
 Fulminant Prism          Conj/Hex       5%           88%         4
 Iskenderun's Mystic Bla  Conj/Tloc      5%           99%         4


Dungeon Overview and Level Annotations

Branches:
Dungeon (3/15)

Altars:

Annotations:
D:3 1 runed translucent door, Crazy Yiuf, Grinder


Innate Abilities, Weirdness & Mutations

Your experience applies equally to all skills.
You have very sharp teeth.
Your uncanny sense of smell can sniff out nearby items.


Message History

You shoot a bolt. The bolt hits Grinder!
Grinder is severely wounded.
Fire: 63 bolts
Press: ? - help, Q - select action, (/) - cycle Shift-Dir - straight line, f/p - Grinder
Aim: Grinder (severely wounded, 60% to hit)
You shoot a bolt. The bolt closely misses Grinder.
You sense an unholy aura.
f - a +2 short sword of draining (weapon)
Grinder hits you but does no damage.
You hit Grinder. You bite Grinder, but do no damage.
Grinder is severely wounded.
Grinder barely misses you.
You hit Grinder. You bite Grinder, but do no damage.
Grinder is almost dead.
Grinder gestures at you.
You suddenly lose the ability to move!
Grinder drinks a potion.
Grinder is healed!
Grinder gestures at you. Pain shoots through your body!
You die...

##...##
##.....#
......# .....
... #5# ∆ #.#
#####(#
#@..(#...(..#
#5###.#####$#
##.## .#
#.(.# .#
###...##.#
#........# ∆
#........#
#...(...##
#####.#...###


You could see Grinder.

Vanquished Creatures
  Natasha (D:3)
  2 adders (D:2)
  An ooze (D:3)
  2 worms (D:3)
  A dart slug (D:1)
  A giant cockroach (D:1)
  5 goblins
  A hobgoblin (D:3)
  7 jackals
  6 kobolds
  A quokka (D:3)
  2 ball pythons
  8 bats
  2 frilled lizards (D:3)
  5 rats
45 creatures vanquished.

Notes
Turn   | Place    | Note
-------+----------+-------------------------------------------
     0 | D:1      | Almogavar the Gnoll Wanderer began the quest for the Orb.
     0 | D:1      | Almogavar set off with the following items: a +0 hand
                  | crossbow, a +2 scale mail, 29 bolts, a potion of
                  | lignification
     0 | D:1      | Reached XP level 1. HP: 13/13 MP: 4/4
   306 | D:1      | Reached XP level 2. HP: 19/19 MP: 5/5
   847 | D:1      | You fall into a shaft and drop 1 floor!
   915 | D:2      | Reached XP level 3. HP: 25/25 MP: 7/7
  1181 | D:2      | Reached skill level 1 in Invocations
  1910 | D:3      | Reached skill level 1 in Fighting
  1910 | D:3      | Reached skill level 1 in Short Blades
  1910 | D:3      | Reached skill level 1 in Long Blades
  1910 | D:3      | Reached skill level 1 in Axes
  1910 | D:3      | Reached skill level 1 in Maces & Flails
  1910 | D:3      | Reached skill level 1 in Polearms
  1910 | D:3      | Reached skill level 1 in Staves
  1910 | D:3      | Reached skill level 1 in Slings
  1910 | D:3      | Reached skill level 1 in Bows
  1910 | D:3      | Reached skill level 1 in Dodging
  1910 | D:3      | Reached skill level 1 in Stealth
  1910 | D:3      | Reached skill level 1 in Shields
  1910 | D:3      | Reached skill level 1 in Unarmed Combat
  1927 | D:3      | Reached XP level 4. HP: 32/32 MP: 8/8
  2034 | D:3      | Found a runed translucent door.
  2035 | D:3      | Noticed Crazy Yiuf
  2294 | D:3      | Noticed Natasha
  2301 | D:3      | Killed Natasha
  2302 | D:3      | Reached skill level 1 in Conjurations
  2302 | D:3      | Reached skill level 1 in Summonings
  2302 | D:3      | Reached skill level 1 in Necromancy
  2302 | D:3      | Reached skill level 1 in Translocations
  2302 | D:3      | Reached skill level 1 in Transmutations
  2302 | D:3      | Reached skill level 1 in Fire Magic
  2302 | D:3      | Reached skill level 1 in Ice Magic
  2302 | D:3      | Reached skill level 1 in Earth Magic
  2302 | D:3      | Reached skill level 1 in Poison Magic
  2370 | D:3      | Noticed Grinder
  2407 | D:3      | Paralysed by Grinder for 5 turns
  2416 | D:3      | Paralysed by Grinder for 5 turns
  2418 | D:3      | Killed from afar by Grinder

Illustrated notes

Levels and vault maps discovered:
D:1:      minmay_arrival_four_circles, layout_basic
D:2:      layout_basic, hex_tiny, grunt_ministairs_7
D:3:      layout_loops_ring, uniq_grinder, uniq_crazy_yiuf_cottage, uniq_natasha

Skill      XL: |  1  2  3  4 |
---------------+-------------+-----
Air Magic      | 2 |  2.3
Invocations    | 1 |  1.3
Fighting       | 1 |  1.2
Short Blades   | 1 |  1.2
Long Blades    | 1 |  1.2
Axes           | 1 |  1.2
Maces & Flails | 1 |  1.2
Polearms       | 1 |  1.2
Staves         | 1 |  1.2
Slings         | 1 |  1.2
Bows           | 1 |  1.2
Dodging        | 1 |  1.2
Stealth        | 1 |  1.2
Shields        | 1 |  1.2
Unarmed Combat | 1 |  1.2
Spellcasting   | 3 |  3.0
Conjurations   | 1 |  1.0
Summonings     | 1 |  1.0
Necromancy     | 1 |  1.0
Translocations | 1 |  1.0
Transmutations | 1 |  1.0
Fire Magic     | 1 |  1.0
Ice Magic      | 1 |  1.0
Earth Magic    | 1 |  1.0
Poison Magic   | 1 |  1.0
Crossbows      | |  2.8
Throwing       | |  2.8
Armour         | |  4.7
Hexes          | |  5.5
Evocations     | |  2.8

Action                   |  1- 3 |  4- 6 || total
-------------------------+-------+-------++-------
Melee: Short sword       |    35 |    47 ||    82
       Bite              |     5 |     5 ||    10
 Fire: Hand crossbow     |    39 |     7 ||    46
Throw: Boomerang         |     7 |       ||     7
  Use: Scroll            |     1 |       ||     1
Armor: Scale mail        |    24 |    16 ||    40
Dodge: Dodged            |    24 |    18 ||    42
